[Event "*** Titled Tuesday Blitz"]
[Site "Chess.com"]
[Date "2021.03.09"]
[Round "11"]
[White "muchojogo"]
[Black "StockholmMissile"]
[Result "1-0"]
[WhiteElo "2418"]
[BlackElo "2570"]
[TimeControl "180+1"]
[EndTime "12:10:31 PST"]
[Termination "muchojogo won on time"]

1. d4 d5 2. Bf4 Nf6 3. e3 c5 4.
Nd2 Nc6 5. Ngf3 e6 6. c3 Be7 7. Bd3 Nh5 8. Be5 O-O 9. O-O Nxe5 10. Nxe5 Nf6 11. f4 b6 12. g4 Bb7 13. Qf3 Ne8 14. g5 f5 15. Qh5 Nd6 16. Rf3 Qe8 17.
Qh4 h5 18. Rh3 g6 19. Be2 Rc8 20. Qg3 Rc7 21. Rh4 Bd8 22. Qh3 Rh7 23. Kf2 Ne4+ 24. Nxe4 fxe4 25. Qg3 Bc7 26. Ke1 cxd4 27. exd4 Bxe5 28.
dxe5 Qe7 29. Qe3 Qc5 30. Kd2 Rd7 31. Qd4 Rc8 32. Ke3 Qa5 33. f5 exf5 34. e6 Rg7 35.
Bxh5 gxh5 36. Rxh5 Qc5 37. Rf1 Rf8 38. h4 Qxd4+ 39.
cxd4 Bc8 40. Rh6 Re7 41. Kf4 Rxe6 42. Rxe6 Bxe6 43. Ke5 Bc8 44. h5 e3 45. Kf4 Re8 46. Re1 Re4+ 47. Kf3 f4 48. h6 Kh7 49. Rc1 Bd7 50.
Rc7 e2 51. Rxd7+ Kg6 52. Rg7+ Kh5 53. h7 Re8 54. Rg8 Re3+ 55. Kxf4 1-0

[Event "*** Titled Tuesday Blitz"]
[Site "Chess.com"]
[Date "2021.03.09"]
[Round "11"]
[White "ChessQueen"]
[Black "albi1999"]
[Result "0-1"]
[WhiteElo "2758"]
[BlackElo "2620"]
[TimeControl "180+1"]
[EndTime "12:10:32 PST"]
[Termination "albi1999 won on time"]

1. e4 e5 2. d4 exd4 3. c3 dxc3 4. Bc4 cxb2 5. Bxb2 d5 6. Bxd5 Bb4+ 7. Kf1 Nf6 8.
Qa4+ c6 9. Qxb4 cxd5 10. Nc3 Nc6 11. Qa4 O-O 12. Rd1 Qb6 13. Ba3 Rd8 14. exd5 Ne5 15. Nge2 Bd7 16. Qd4 Qxd4 17. Rxd4 Rac8 18. f3 Nc4 19.
Be7 Re8 20. Bxf6 gxf6 21. Kf2 Nd6 22. Rhd1 f5 23. R4d3 Kg7 24. Nd4 Kf6 25. Nce2 Rc5 26. Nb3 Rc2 27. R3d2 Rc7 28. g3 Rec8 29. Ned4 Rc3 30.
Re1 b6 31. Rde2 Re8 32. Rxe8 Bxe8 33. h4 Bd7 34. Re2 a5 35. Rb2 a4 36. Na1 b5 37. Rd2 b4 38. Ne2 Rc5 39. Rd4 Rc4 40. Rxc4 Nxc4 41. Nc2 b3 42. axb3 axb3 43. Ncd4 b2 44.
Nc3 Ke5 45. Nb3 Ba4 46. Nc5 Bc2 47. Nd7+ Kd4 0-1

[Event "*** Titled Tuesday Blitz"]
[Site "Chess.com"]
[Date "2021.03.09"]
[Round "11"]
[White "MaxLeto"]
[Black "S-Fazulyanov"]
[Result "0-1"]
[WhiteElo "2390"]
[BlackElo "2512"]
[TimeControl "180+1"]
[EndTime "12:10:32 PST"]
[Termination "S-Fazulyanov won by checkmate"]

1. g4 d5 2. Bg2 Bxg4 3. c4 Nd7 4. cxd5 Ngf6 5. Nc3 Nb6 6. Qb3 g6 7. d3 Bg7 8. Bf4 Nh5 9. Be3 O-O 10. h3 Bd7 11. Nf3 c6 12. Ng5 Nf6 13. dxc6 Bxc6 14. Bxc6 bxc6 15.
h4 Nfd5 16. Bd2 Rb8 17. Rc1 Nxc3 18. bxc3 e6 19. h5 Qd5 20. Rh4 h6 21. Nf3 g5 22.
Rb4 Qf5 23. a4 Nd7 24. Qc4 Rfc8 25. Rxb8 Nxb8 26. Nd4 Qh3 27. Be3 Nd7 28. Kd2 Kh8 29.
Qa6 Rf8 30. Qxc6 Ne5 31. Qd6 Qxh5 32. Rb1 Rc8 33. Rb8 Rxb8 34. Qxb8+ Kh7 35. Qxa7 Qg4 36. Qe7 h5 37. a5 h4 38. a6 h3 39. a7 h2 40. a8=Q Qg1 41. Qe4+ f5 42. Qxe6 fxe4 43. Qh3+ Kg6 44. Qe6+ Kh7 45. Qh3+ Bh6 46. Nf5 h1=Q 47. Qxh1 Qxh1 48. Ng3 Qh2 49. Nxe4 Kg6 50. Bd4 Ng4 51. Ng3 Nxf2 52. Bxf2 Qxf2 53. Ne4 g4+ 54. Kd1 Qe3 55. c4 Qc1# 0-1

[Event "*** Titled Tuesday Blitz"]
[Site "Chess.com"]
[Date "2021.03.09"]
[Round "11"]
[White "Vaathi_Coming"]
[Black "mishanick"]
[Result "0-1"]
[WhiteElo "2802"]
[BlackElo "2995"]
[TimeControl "180+1"]
[EndTime "12:10:33 PST"]
[Termination "mishanick won on time"]

1. Nf3 Nf6 2. b3 g6 3. Bb2 Bg7 4. g3 O-O 5. Bg2 d5 6. O-O Nbd7 7. c4 c6 8. d4 b5 9. Nbd2 bxc4 10. bxc4 Rb8 11.
Bc3 Ba6 12. Re1 dxc4 13. e4 Nb6 14. Ne5 Qc7 15. f4 Nfd7 16. Ndf3 Nxe5 17. Nxe5 Rbd8 18.
Qc2 e6 19. Red1 c5 20. d5 exd5 21. exd5 Bb7 22. d6 Qb8 23. Bxb7 Qxb7 24. Rab1 Qc8 25. Ba5 Qe6 26. Bxb6 axb6 27. Rxb6 Bxe5 28. fxe5 Qxe5 29.
Qxc4 Rd7 30. a4 Ra8 31. Kg2 h5 32. Rd2 h4 33. gxh4 Qf5 34. Rf2 Qe5 35. Rc6 Rad8 36. Qxc5 Qe4+ 37. Kg3 Rb7 38. Qc4 Qe3+ 39. Rf3 Qg1+ 40.
Kh3 Rf8 41. Qg4 Qd1 42. d7 Rxd7 43. Rxg6+ fxg6 44. Qxg6+ Rg7 45. Qe6+ Rff7 46. Qe8+ Kh7 47. Rxf7 Qd3+ 0-1

[Event "*** Titled Tuesday Blitz"]
[Site "Chess.com"]
[Date "2021.03.09"]
[Round "11"]
[White "eldur16"]
[Black "seorobert1971"]
[Result "0-1"]
[WhiteElo "2576"]
[BlackElo "2744"]
[TimeControl "180+1"]
[EndTime "12:10:34 PST"]
[Termination "seorobert1971 won on time"]

1. Nf3 c6 2. g3 d5 3. Bg2 Bf5 4. O-O e6 5. b3 Nf6 6. Bb2 h6 7. d3 Nbd7 8. Nbd2 Be7 9. c4 O-O 10. Qc2 Rc8 11. Rfe1 a5 12. a3 Bh7 13.
Rad1 b5 14. e4 Qb6 15. Bd4 Qb7 16. Qb2 bxc4 17. bxc4 Qxb2 18. Bxb2 Nc5 19. exd5 Nxd3 20. Bxf6 Bxf6 21. Re3 cxd5 22. cxd5 exd5 23. Nb3 a4 24. Na5 Nb2 25. Rxd5 Rc1+ 26. Bf1 Bg6 27. Ne5 Nd1 28. Re1 Bxe5 29. Rdxe5 Rfc8 30. Bb5 Nb2 31. Re8+ Kh7 32. Bd7 Rxe1+ 33. Rxe1 Rc3 34. Re3 Rc5 35. Nc6 Rd5 36. Ne5 Bb1 37. Bc6 Rd1+ 38. Kg2 f6 39. Nf3 Bd3 40. h4 h5 41. Be8 Bg6 42. Bxg6+ Kxg6 43. Rc3 Rd3 44. Rxd3 Nxd3 45. Nd4 Nb2 46. Kf3 Nc4 47. Nc2 Kf5 48. Ne3+ Nxe3 49. Kxe3 Ke5 50. Kd3 g5 51. Ke3 Kf5 0-1

[Event "*** Titled Tuesday Blitz"]
[Site "Chess.com"]
[Date "2021.03.09"]
[Round "11"]
[White "TimofeevAr"]
[Black "frederiksvane"]
[Result "1-0"]
[WhiteElo "2873"]
[BlackElo "2663"]
[TimeControl "180+1"]
[EndTime "12:10:35 PST"]
[Termination "TimofeevAr won by checkmate"]

1. c4 c5 2. Nc3 Nc6 3. g3 g6 4.
Bg2 Bg7 5. Nf3 d6 6. O-O Bf5 7. h3 Nf6 8. d3 O-O 9. Bd2 e5 10. Ng5 h6 11. Nge4 Nxe4 12. dxe4 Be6 13. b3 Qd7 14.
Kh2 Kh8 15. Qc1 Kh7 16. e3 h5 17. Qc2 Nb4 18. Qb1 Kh8 19. Nd5 Nc6 20. Qd3 f5 21. h4 Qf7 22. Rad1 Rad8 23. exf5 gxf5 24. Qe2 Qg6 25.
Bc3 Bxd5 26. Rxd5 e4 27. Bxg7+ Kxg7 28. Rfd1 Ne5 29. Qd2 Ng4+ 30. Kg1 Rf6 31. Bh3 Kf8 32. Bg2 Ke7 33. b4 cxb4 34. Qxb4 b6 35. Qa3 Rd7 36.
Qc3 Re6 37. a4 Ne5 38. a5 Qg7 39. Qb3 bxa5 40. c5 Qf6 41. Bf1 dxc5 42. Be2 Rb6 43. Rxd7+ Nxd7 44. Qg8 Rd6 45. Qh7+ Kd8 46. Rb1 Kc7 47.
Bxh5 a4 48. Be8 a3 49. Bxd7 Rxd7 50. Qg8 Qc6 51. Qb8# 1-0

[Event "*** Titled Tuesday Blitz"]
[Site "Chess.com"]
[Date "2021.03.09"]
[Round "11"]
[White "maxip32"]
[Black "chessdiamant"]
[Result "1-0"]
[WhiteElo "2529"]
[BlackElo "2352"]
[TimeControl "180+1"]
[EndTime "12:10:35 PST"]
[Termination "maxip32 won by checkmate"]

1. e4 c5 2. Nf3 Nc6 3. d4 cxd4 4. Nxd4 e5 5. Nb5 d6 6. N1c3 a6 7. Na3 b5 8. Nd5 Nge7 9. c4 Nd4 10. Bd3 Nxd5 11. cxd5 g6 12. O-O Bg7 13. Nc2 Nxc2 14. Qxc2 Bd7 15. Bd2 O-O 16. Rfc1 Rc8 17. Qb3 f5 18. f3 Qb6+ 19. Kh1 fxe4 20. fxe4 Qf2 21. Qd1 h5 22. Qe1 Rxc1 23. Rxc1 Qd4 24. Rc3 Qf2 25. Qxf2 Rxf2 26. Rc2 h4 27. Kg1 Rf7 28. h3 Kh7 29. Bg5 Bh6 30. Bxh4 Be3+ 31. Kh2 Kh6 32. Bg3 Bd4 33.
b3 b4 34. Rc7 a5 35. Be1 Kg7 36. Be2 g5 37. Bh5 Re7 38. Bg4 Bxg4 39. Rxe7+ Kf6 40. Re8 Be2 41. Re6+ Kf7 42. Rxd6 Bd3 43. Rd7+ Ke8 44.
Rg7 Bxe4 45. d6 Bb1 46. Bd2 e4 47. Re7+ Kf8 48. Bxg5 e3 49. d7 e2 50. d8=Q# 1-0

[Event "*** Titled Tuesday Blitz"]
[Site "Chess.com"]
[Date "2021.03.09"]
[Round "11"]
[White "FormerProdigy"]
[Black "Zhigalko_Sergei"]
[Result "0-1"]
[WhiteElo "2843"]
[BlackElo "2952"]
[TimeControl "180+1"]
[EndTime "12:10:36 PST"]
[Termination "Zhigalko_Sergei won on time"]

1. d4 Nf6 2. c4 e6 3. Nc3 Bb4 4.
e3 O-O 5. Bd3 d5 6. cxd5 exd5 7. Ne2 Re8 8. O-O Bd6 9. Bd2 Nc6 10.
Rc1 a6 11. f3 Nb4 12. Bb1 c5 13. a3 Nc6 14. Kh1 cxd4 15. exd4 h6 16. Bf4 Be6 17.
b4 Rc8 18. Bxd6 Qxd6 19. Qd2 Ne7 20. Nf4 Bf5 21. Ba2 g5 22. Nd3 Bxd3 23. Qxd3 Ng6 24.
g3 Rc7 25. Rfe1 Rec8 26. Ne2 Kg7 27. Kg2 Nh5 28. Qd2 Nf6 29. Bb1 Ne7 30. Rxc7 Rxc7 31. Rc1 Rxc1 32. Nxc1 Nc6 33. Nb3 Qe7 34. Nc5 Ne8 35.
Kf2 Nd6 36. Ba2 Nf5 37. Bxd5 Nfxd4 38. Nxb7 Qf6 39. Nd6 Qxd6 40. Bxc6 Qf6 41. Be4 h5 42. Kg2 h4 43. gxh4 gxh4 44. Qe3 Ne6 45. Kf2 Nf4 46. Qd2 Qb6+ 47. Qe3 Qf6 48. Qd2 Qe5 49. Qc2 Ne6 0-1

[Event "*** Titled Tuesday Blitz"]
[Site "Chess.com"]
[Date "2021.03.09"]
[Round "11"]
[White "dosto07"]
[Black "DonBroca"]
[Result "0-1"]
[WhiteElo "2270"]
[BlackElo "2160"]
[TimeControl "180+1"]
[EndTime "12:10:38 PST"]
[Termination "DonBroca won on time"]

1. d4 Nf6 2. Nf3 e6 3. g3 b6 4. Bg2 Bb7 5. O-O Be7 6. c4 d5 7.
Nc3 dxc4 8. Qa4+ Nbd7 9. Qxc4 O-O 10. Bg5 c5 11. dxc5 Bxc5 12. Rad1 Rc8 13. Qh4 Qe7 14.
e4 h6 15. Bxf6 Nxf6 16. Ne5 Rfe8 17. Nd3 Nd7 18. Qxe7 Bxe7 19. e5 Bxg2 20. Kxg2 Red8 21. Rfe1 Nc5 22. Nxc5 Bxc5 23. Ne4 Bd4 24. Nd6 Bxb2 25. Nxc8 Rxc8 26. Rd7 a5 27. Re2 Ba3 28. Red2 Rc6 29. h4 Bb4 30. Rd8+ Kh7 31. R2d7 Kg6 32. Rd4 Rc2 33.
Rg4+ Kh7 34. Rf4 Kg6 35. Rd7 f6 36. exf6 gxf6 37. Rd8 e5 38. Rg8+ Kf7 39. Rfg4 Rxf2+ 40. Kh3 Rxa2 41. R4g7+ Ke6 42. Kg4 Bd2 43. Kh5 Ra3 44.
Re8+ Kf5 45. g4+ Ke4 46. Rd7 Be3 47. Re6 Ra2 48. Rxf6 Rh2 49. Re6 Bf2 50. Rf7 Rxh4+ 51. Kg6 Bg3 52. Rf5 Bf4 53. Rf7 a4 54. Kh7 Rh3 55.
Ra7 a3 0-1

[Event "*** Titled Tuesday Blitz"]
[Site "Chess.com"]
[Date "2021.03.09"]
[Round "11"]
[White "MuhittinBuker"]
[Black "IMVoja"]
[Result "0-1"]
[WhiteElo "2183"]
[BlackElo "2413"]
[TimeControl "180+1"]
[EndTime "12:10:40 PST"]
[Termination "IMVoja won on time"]

1. d4 Nf6 2. c4 c5 3. d5 b5 4. cxb5 a6 5. bxa6 Bxa6 6. Nc3 d6 7. e4 Bxf1 8. Kxf1 g6 9. g3 Bg7 10. Kg2 O-O 11. Nf3 Nbd7 12. Re1 Ng4 13. Qe2 Qb6 14.
Nd2 h5 15. h3 Ngf6 16. Nc4 Qa6 17. Bg5 Rfb8 18. Rac1 Nb6 19. Nxb6 Qxb6 20. Rc2 Rb7 21. Qd3 Nd7 22. f4 Bxc3 23. bxc3 f6 24. Bh4 Qa6 25.
c4 Qa3 26. Re3 Qxd3 27. Rxd3 Rba7 28. Rdd2 Kf7 29. g4 hxg4 30. hxg4 g5 31. Bg3 gxf4 32. Bxf4 Ra3 33. Rf2 Rg8 34. g5 Ke8 35. Rf3 Rxf3 36. Kxf3 fxg5 37. Rg2 Nb6 38. Rxg5 Rxg5 39. Bxg5 Nxc4 40.
Ke2 Kd7 41. Kd3 Nb6 42. Kc3 e6 43. dxe6+ Kxe6 44. Bf4 Kd7 45. Bg3 Kc6 46. Bf4 Nd7 47. Kc4 Nf6 48. Kd3 Ng4 49. Kc4 Nf2 50. e5 d5+ 51.
Kc3 Ne4+ 52. Kc2 c4 53. Be3 Ng3 54. Bd4 Nf5 0-1

[Event "*** Titled Tuesday Blitz"]
[Site "Chess.com"]
[Date "2021.03.09"]
[Round "11"]
[White "Alexsur1981"]
[Black "azikom"]
[Result "1-0"]
[WhiteElo "2834"]
[BlackElo "2656"]
[TimeControl "180+1"]
[EndTime "12:10:41 PST"]
[Termination "Alexsur1981 won on time"]

1. e4 e5 2. f4 Nc6 3. Bc4 exf4 4.
Nf3 g5 5. h4 g4 6. Ng5 Ne5 7.
Bb3 h6 8. d4 hxg5 9. dxe5 d6 10.
Nc3 Bg7 11. exd6 cxd6 12. Qd3 Ne7 13. Bd2 Ng6 14. O-O-O gxh4 15. Nb5 Be5 16. Bc3 O-O 17. Nxd6 Qxd6 18. Qxd6 Bxd6 19. Rxd6 Kh7 20. Bb4 Kg7 21. Rxg6+ fxg6 22. Rxh4 Bd7 23. Bc3+ Rf6 24. e5 Re6 25. Rxg4 Rf8 26. Bd4 a6 27. Kd2 f3 28. gxf3 Rxf3 29.
Rg1 Rh3 30. Bd5 b5 31. b3 Rh4 32. Kc3 Rh3+ 33. Kb4 Rh2 34. c4 bxc4 35. bxc4 Rh4 36. Kc5 Kh6 37. Be3+ Kh7 38. Bg5 Rh3 39. Bf6 Re8 40.
Kd6 Bf5 41. e6 Bxe6 42. Bxe6 Rd3+ 43. Bd5 Rh3 44. c5 Rf8 45. Be7 Rf2 46. c6 Rd2 47. c7 Rh5 48. Rg5 Rxg5 49. Bxg5 Rc2 50. Bc6 Rd2+ 51.
Bxd2 1-0

[Event "*** Titled Tuesday Blitz"]
[Site "Chess.com"]
[Date "2021.03.09"]
[Round "11"]
[White "GMKrikor"]
[Black "atwalcb"]
[Result "1-0"]
[WhiteElo "2704"]
[BlackElo "2537"]
[TimeControl "180+1"]
[EndTime "12:10:42 PST"]
[Termination "GMKrikor won by resignation"]

1. Nf3 d6 2. d4 Bg4 3. g3 Bxf3 4.
exf3 c6 5. d5 Nf6 6. c4 g6 7. f4 Bg7 8. Nc3 O-O 9. Bg2 cxd5 10. cxd5 a6 11. O-O b5 12. Re1 Nbd7 13. Be3 Rc8 14. Bd4 Re8 15. a3 Nb6 16. Qe2 Qc7 17.
Rad1 Nc4 18. h4 h5 19. Bf3 Qb7 20. f5 gxf5 21. Bxh5 Nxh5 22. Qxh5 e5 23. dxe6 fxe6 24. Bxg7 Qxg7 25. Nd5 Kf8 26. Nf4 e5 27. Qxf5+ Kg8 28. Nh5 Qf7 29. Nf6+ Kf8 30. Qg5 Re6 31. Nd5 Rg6 32.
Qc1 Qf3 33. Qc3 Qxc3 34. bxc3 Nxa3 35. Rc1 Nc4 36. Kg2 Rc5 37. Red1 Ke8 38. Ra1 Nb2 39. Rd2 Nc4 40. Rd3 Nb2 41. Rd2 Nc4 42. Rdd1 Nb2 43. Rdb1 Na4 44. Nb4 a5 45. Na6 Rc6 46. Rxb5 Nxc3 47.
Rb8+ Ke7 48. Rxa5 Ne4 49. Nb4 Rc4 50. Nd5+ Ke6 51. Re8+ Kf7 52. Re7+ Kg8 53. Ra8+ 1-0

[Event "*** Titled Tuesday Blitz"]
[Site "Chess.com"]
[Date "2021.03.09"]
[Round "11"]
[White "ri4mi"]
[Black "ural58"]
[Result "1-0"]
[WhiteElo "2447"]
[BlackElo "2554"]
[TimeControl "180+1"]
[EndTime "12:10:42 PST"]
[Termination "ri4mi won by resignation"]

1. d4 d5 2. Nc3 Nf6 3. Bf4 a6 4.
e3 c5 5. Nf3 e6 6. Ne5 b5 7. Be2 Bb7 8. O-O Be7 9. a3 O-O 10. Bg5 Nbd7 11. f4 b4 12. Nb1 Ne4 13. Bxe7 Qxe7 14. Nd2 cxd4 15. exd4 a5 16. Nxe4 dxe4 17.
Qd2 Nf6 18. axb4 axb4 19. c4 bxc3 20. bxc3 Nd5 21. Rxa8 Rxa8 22. c4 Nf6 23. Rb1 h6 24.
Qb2 Ba6 25. Qb6 Kh7 26. Qc6 Ra7 27. g4 Bb7 28. Qb6 Ra2 29. Qxb7 Qxb7 30. Rxb7 Rxe2 31. g5 hxg5 32. fxg5 Nh5 33. Rxf7 Rd2 34. c5 Rxd4 35. c6 Rd1+ 36. Kf2 Rc1 37. Ke3 Rc5 38. Kd4 Rc1 39. Kxe4 Kg8 40. c7 g6 41. Rd7 Ng7 42. Rd8+ Kh7 43. c8=Q Rxc8 44. Rxc8 Nf5 45. Rc7+ Kg8 46.
Nxg6 Ng7 47. Ke5 Kh7 48. Nf8+ Kg8 49. Rxg7+ Kxg7 50. Nxe6+ Kg6 51. h4 1-0

[Event "*** Titled Tuesday Blitz"]
[Site "Chess.com"]
[Date "2021.03.09"]
[Round "11"]
[White "NovikovaGalina"]
[Black "WPWPWP-2015"]
[Result "0-1"]
[WhiteElo "2397"]
[BlackElo "2515"]
[TimeControl "180+1"]
[EndTime "12:10:44 PST"]
[Termination "WPWPWP-2015 won on time"]

1. e4 c5 2. Nf3 d6 3. d4 cxd4 4.
Nxd4 Nf6 5. Nc3 a6 6. h3 e6 7. g4 Be7 8. Bg2 h6 9. Be3 Qc7 10. a4 Nc6 11. f4 Bd7 12. O-O Nxd4 13. Bxd4 Bc6 14. Qe2 e5 15. Be3 O-O 16. g5 hxg5 17.
fxg5 Nd7 18. Qh5 g6 19. Qh6 Nb6 20. Rf4 Bxg5 21. Qxg5 exf4 22. Bxf4 Qd8 23. Qh6 Qf6 24. Bg5 Qg7 25. Qh4 Qh7 26. Qf2 Nc4 27. Bf6 Rfe8 28. Rd1 Re6 29. Nd5 Rae8 30. Nf4 Rxf6 31. Qg3 Qh6 32.
Nd3 Ne5 33. Nb4 Qf4 34. Qe1 Nc4 35.
Qc3 Qxe4 36. Qxf6 Qe3+ 37. Qf2 Bxg2 38. Kxg2 Qe4+ 39. Qf3 Qxf3+ 40. Kxf3 Nxb2 41. Rxd6 Nxa4 42. Rd7 Nc5 43. Rc7 Re5 44. c3 Rf5+ 45. Kg3 a5 46. Rc8+ Kg7 47. Na2 a4 48. Ra8 Kf6 49. Nb4 Ne4+ 50.
Kg4 Nf2+ 51. Kg3 Ne4+ 0-1

[Event "*** Titled Tuesday Blitz"]
[Site "Chess.com"]
[Date "2021.03.09"]
[Round "11"]
[White "Fy_Rakotomaharo"]
[Black "NikolaN98"]
[Result "0-1"]
[WhiteElo "2710"]
[BlackElo "2559"]
[TimeControl "180+1"]
[EndTime "12:10:45 PST"]
[Termination "NikolaN98 won on time"]

1. g3 f5 2. Bg2 Nf6 3. d3 e5 4.
e4 fxe4 5. dxe4 Nc6 6. Ne2 Bc5 7. O-O O-O 8. h3 d6 9. Nbc3 a6 10. Kh2 Qe8 11. Nd5 Qh5 12. Nec3 Ng4+ 13. Kg1 Rxf2 14. Rxf2 Bxf2+ 15. Kf1 Bxg3 16. Nxc7 Qf7+ 17. Bf3 Qxc7 18. hxg4 Nd4 19. Kg2 Bh4 20. Nd5 Qf7 21.
c3 Nxf3 22. Qxf3 Qg6 23. Kh3 Bd8 24. Ne3 h5 25. Nf5 d5 26. Qd3 Qxg4+ 27. Kh2 Qxe4 28. Qxe4 dxe4 29. Nd6 Bg4 30. Be3 Be7 31. Nxe4 Rf8 32.
Re1 Rf3 33. Nd2 Rf7 34. Nb3 Bh4 35. Rg1 Rf3 36. Bb6 Rh3+ 37. Kg2 Rd3 38. Rf1 Bh3+ 39. Kg1 Bxf1 40. Kxf1 Rd1+ 41. Ke2 Rb1 42. Kd3 Rxb2 43.
Bc7 Rxa2 44. Bxe5 Ra3 45. Kc4 Bf6 46. Bd6 b5+ 47. Kb4 Ra2 48. Nc5 Rc2 49. Kb3 Rxc3+ 50.
Kb4 Rxc5 51. Bxc5 h4 52. Ka5 h3 53. Kxa6 h2 0-1

[Event "*** Titled Tuesday Blitz"]
[Site "Chess.com"]
[Date "2021.03.09"]
[Round "11"]
[White "Pelopidass"]
[Black "toog"]
[Result "1/2-1/2"]
[WhiteElo "2552"]
[BlackElo "2408"]
[TimeControl "180+1"]
[EndTime "12:10:45 PST"]
[Termination "Game drawn by repetition"]

1. d4 Nf6 2. c4 g6 3. Nc3 Bg7 4. e4 d6 5. Nge2 O-O 6. Ng3 Nc6 7. d5 Nb4 8. a3 Na6 9. Be2 e6 10. O-O Re8 11. Be3 h5 12. f3 c5 13. Qd2 Nc7 14.
Rad1 exd5 15. cxd5 Rb8 16. b4 b6 17. Nh1 Ba6 18. b5 Bc8 19. Nf2 a6 20. a4 axb5 21. axb5 Qe7 22. Bg5 Qf8 23. Nd3 Nh7 24. Bf4 Bd7 25.
Nb2 Bxc3 26. Qxc3 Nxb5 27. Qb3 Nd4 28. Rxd4 cxd4 29. Nc4 b5 30. Nxd6 Red8 31. e5 Qe7 32. Bd3 Nf8 33. Rc1 Be8 34. Qb4 Nd7 35. Rc7 Qf8 36. Qxd4 b4 37. e6 b3 38. Nxe8 Qxe8 39.
h4 b2 40. Bb1 fxe6 41. dxe6 Qxe6 42. Kh2 Qf6 43. Qd5+ Kh8 44. Rxd7 Qxh4+ 45. Kg1 Rxd7 46. Be5+ Rg7 47. Bxg7+ Kxg7 48. Qe5+ Kh6 49. Qxb8 Qe1+ 50. Kh2 Qxb1 51. Qh8+ Kg5 52. Qd8+ Kf5 53. Qf8+ Ke5 54.
Qe7+ Kd4 55. Qd6+ Kc3 56. Qc5+ Kd2 57. Qf2+ Kc1 58. Qe1+ Kc2 59. Qe4+ Kc1 60. Qe1+ Kc2 61. Qe4+ Kc1 62. Qe1+ 1/2-1/2

[Event "*** Titled Tuesday Blitz"]
[Site "Chess.com"]
[Date "2021.03.09"]
[Round "11"]
[White "ljuks68"]
[Black "SerGo055"]
[Result "1-0"]
[WhiteElo "2473"]
[BlackElo "2586"]
[TimeControl "180+1"]
[EndTime "12:10:46 PST"]
[Termination "ljuks68 won on time"]

1. e4 d5 2. exd5 Qxd5 3. Nc3 Qd8 4. d4 Nf6 5. Nf3 c6 6. Ne5 Nbd7 7. Bf4 Nxe5 8. dxe5 Nd5 9. Nxd5 cxd5 10. Qd2 e6 11.
c4 a5 12. a3 d4 13. O-O-O Bc5 14. Be3 O-O 15. Bxd4 Qc7 16. Bxc5 Qxc5 17. Qd4 Qc6 18. Bd3 a4 19. Qe4 Qxe4 20. Bxe4 Ra5 21. f4 Rc5 22. Rd4 b5 23. Rhd1 bxc4 24. Rd8 g6 25. Kc2 Ba6 26.
Kc3 Rb5 27. Bc2 Rb8 28. Rxf8+ Kxf8 29. Bxa4 h6 30. Rd6 Ra8 31. Bc2 Bb7 32. g3 Bd5 33.
Rb6 g5 34. a4 gxf4 35. gxf4 Ke7 36. f5 Rg8 37. f6+ Kd7 38. a5 Rg5 39. Ba4+ Kc7 40.
Rd6 Rxe5 41. Rd7+ Kb8 42. Rxf7 Re3+ 43. Kd4 Rd3+ 44. Kc5 c3 45. bxc3 Rxc3+ 46. Kb6 Rc8 47. a6 Rd8 48. Bc6 Bxc6 49. Kxc6 e5 50. Re7 Rf8 51. f7 Ka8 52. Re8+ Ka7 53. Rxf8 e4 54. Re8 1-0

[Event "*** Titled Tuesday Blitz"]
[Site "Chess.com"]
[Date "2021.03.09"]
[Round "11"]
[White "rquery98"]
[Black "exoticprincess"]
[Result "1/2-1/2"]
[WhiteElo "2682"]
[BlackElo "2876"]
[TimeControl "180+1"]
[EndTime "12:10:47 PST"]
[Termination "Game drawn by repetition"]

1. Nf3 d5 2. g3 c6 3. Bg2 Nf6 4. c4 Bf5 5. cxd5 e6 6. dxe6 Bxe6 7. Nc3 h6 8. O-O Be7 9. d4 O-O 10. e4 Na6 11. a3 Re8 12. Re1 Bf8 13. h3 Qd7 14.
Ne5 Qc7 15. Bf4 Qb6 16. b4 Rad8 17. Be3 Qc7 18. Qc2 Qc8 19. Rad1 Bxh3 20. f3 Bxg2 21. Kxg2 Nc7 22. Ne2 Nd7 23. Nc4 Nb6 24. Nf4 Nb5 25.
a4 Nd6 26. Nxd6 Bxd6 27. Qb3 Bf8 28. a5 Nd7 29. e5 Nb8 30. b5 cxb5 31. Qxb5 a6 32. Qb3 Nc6 33. Qa2 Nb4 34. Qb3 Qc2+ 35. Qxc2 Nxc2 36. Re2 Rxe5 37. dxe5 Nxe3+ 38. Rxe3 Rxd1 39. Rb3 Rd2+ 40. Kf1 Rd7 41. Ke2 Be7 42. Nd3 h5 43. f4 g6 44. Ke3 Kg7 45. Ke4 Rc7 46. Rb6 Bd8 47. Rb4 Be7 48. Rb3 Rd7 49. Ke3 Kf8 50.
Ke4 Ke8 51. e6 fxe6 52. Ne5 Rc7 53. Nxg6 Bf6 54. Rb6 Rc4+ 55. Kd3 Rc3+ 56. Ke4 Rxg3 57. Ne5 Bxe5 58. Kxe5 Re3+ 59. Kf6 h4 60. Rxb7 h3 61.
Rh7 Kd8 62. Kg5 Ra3 63. Kf6 Re3 64. Kg5 Ke8 65. Kf6 Kd8 1/2-1/2

[Event "*** Titled Tuesday Blitz"]
[Site "Chess.com"]
[Date "2021.03.09"]
[Round "11"]
[White "kirillshevchenko"]
[Black "ymoy"]
[Result "0-1"]
[WhiteElo "2816"]
[BlackElo "2681"]
[TimeControl "180+1"]
[EndTime "12:10:47 PST"]
[Termination "ymoy won by checkmate"]

1. e4 c5 2. c3 d5 3. exd5 Qxd5 4. d4 Nf6 5. Nf3 Bg4 6. Be2 e6 7. O-O Nc6 8. Be3 cxd4 9. cxd4 Be7 10. Nc3 Qd8 11. h3 Bh5 12. Qb3 O-O 13. Rad1 Na5 14. Qa4 a6 15. Ne5 Bxe2 16. Nxe2 b5 17. Qc2 Rc8 18.
Qd3 Nd5 19. Rc1 Bd6 20. Rfd1 Rxc1 21. Rxc1 Bxe5 22. dxe5 Nxe3 23. Qxe3 Nc4 24. Qc3 Qd5 25. f4 Qe4 26. Kf2 Rd8 27. Qf3 Qxf3+ 28. Kxf3 Nxb2 29. Rc6 Nd1 30. Nd4 g6 31. Ke4 b4 32. Rd6 Nc3+ 33. Kd3 Ra8 34. a3 Nd5 35. axb4 Nxb4+ 36. Ke4 Nd5 37. g4 Ne7 38. f5 exf5+ 39. gxf5 Nxf5 40. Nxf5 gxf5+ 41. Kxf5 a5 42. Rd3 a4 43. Ra3 Ra6 44. Ke4 Kg7 45. Kf5 Ra5 46. h4 f6 47. Kf4 fxe5+ 48. Kf5 Kf7 49. h5 Ke7 50. h6 Kf7 51. Ke4 Kg6 52. Kd3 Kxh6 53. Kc4 Kg5 54. Kb4 Ra7 55. Ra1 h5 56. Rg1+ Kf5 57. Rf1+ Ke6 58.
Rh1 a3 59. Kb3 a2 60. Ra1 e4 61. Kb2 Ke5 62. Kb3 e3 63. Kb2 Ke4 64. Rh1 a1=Q+ 65. Rxa1 Rxa1 66. Kc2 e2 67. Kb3 e1=Q 68. Kc4 Rc1+ 69.
Kb5 Qe2+ 70. Ka4 Qb2 71. Ka5 Ra1# 0-1

[Event "*** Titled Tuesday Blitz"]
[Site "Chess.com"]
[Date "2021.03.09"]
[Round "11"]
[White "sau6on"]
[Black "Trankuilizer"]
[Result "0-1"]
[WhiteElo "2428"]
[BlackElo "2595"]
[TimeControl "180+1"]
[EndTime "12:10:48 PST"]
[Termination "Trankuilizer won by resignation"]

1. e4 c5 2. Nf3 d6 3. d4 cxd4 4. Nxd4 Nf6 5. Nc3 a6 6. f4 e5 7.
Nf3 Nbd7 8. a4 Be7 9. Bc4 O-O 10. f5 Qc7 11. Qe2 b6 12. O-O Bb7 13. Bg5 h6 14. Bh4 Nc5 15. Bxf6 Bxf6 16. Bd5 Rfc8 17. Rfd1 Nd7 18. Bxb7 Qxb7 19. Nd5 b5 20. a5 b4 21. Ra4 b3 22. c3 Rab8 23. g3 Qc6 24. Ra3 Rb5 25.
Nd2 Bd8 26. Rda1 Nf6 27. c4 Rb7 28. Qd3 Nxd5 29. exd5 Qc5+ 30. Kg2 Qd4 31. Qxd4 exd4 32. Rc1 Bg5 33. Rd1 Be3 34. Kf3 Rb4 35. Ke4 Re8+ 36. Kd3 Bg5 37. Ne4 Be7 38. Kxd4 Rc8 39. Rd3 Rcxc4+ 40.
Ke3 Rxe4+ 41. Kf3 Bf6 42. Raxb3 Rxb3 43. Rxb3 Ra4 44. Rb6 Rxa5 45. Rxd6 Ra4 46. b3 Rb4 47. Rb6 Rxb6 48. d6 Rxb3+ 49. Ke4 Rb8 50. Kd5 Rd8 51.
Kc6 a5 52. Kc7 a4 53. d7 a3 54. Kc6 a2 55. Kd6 a1=Q 0-1

[Event "*** Titled Tuesday Blitz"]
[Site "Chess.com"]
[Date "2021.03.09"]
[Round "11"]
[White "BvsN"]
[Black "redblizzard"]
[Result "1/2-1/2"]
[WhiteElo "2337"]
[BlackElo "2472"]
[TimeControl "180+1"]
[EndTime "12:10:48 PST"]
[Termination "Game drawn - insufficient material"]

1. c4 Nf6 2. Nc3 d5 3. cxd5 Nxd5 4. Nf3 g6 5. h4 h5 6. e4 Nxc3 7. dxc3 Qxd1+ 8. Kxd1 Bg7 9. Kc2 Nd7 10. Bf4 c6 11.
Bc4 e5 12. Be3 O-O 13. Ng5 Nf6 14. f3 Nh7 15. Rad1 Nxg5 16. hxg5 Re8 17. Rd6 Bf8 18. Rxg6+ Bg7 19. Rd6 Be6 20. Bxe6 fxe6 21. Rxh5 Re7 22. Rh1 Kf7 23. Rhd1 Bf8 24. Rd7 b6 25. a4 Kg6 26.
Rxe7 Bxe7 27. Rd7 Bxg5 28. Bxg5 Kxg5 29. Rd6 Kf4 30. Rxe6 Rg8 31. Rf6+ Ke3 32. Kb3 Rxg2 33. Rf5 c5 34. Rxe5 Kxf3 35. Re7 Kf4 36. Rxa7 Kxe4 37. Rb7 Kd5 38. Rxb6 c4+ 39. Ka3 Kc5 40. Rb8 Rg1 41.
Ka2 Rg2 42. Rc8+ Kd5 43. Ka3 Rg1 44. Kb4 Rb1 45. Rd8+ Kc6 46. Ka3 Ra1+ 47. Kb4 Rb1 48. Kxc4 Rxb2 49. Rh8 Kb7 50. Rh5 Rg2 51. Kb5 Rg1 52.
c4 Kb8 53. c5 Rb1+ 54. Kc6 Rg1 55. a5 Ka7 56. Rh7+ Ka6 57. Rh8 Rg6+ 58. Kc7 Kxa5 59.
c6 Kb5 60. Rb8+ Kc5 61. Rc8 Rxc6+ 62. Kb7 Rxc8 63. Kxc8 1/2-1/2